 Dungeon Crawl Stone Soup version 0.30.1-3-gfc49f6343a (console) character file.

Game seed: 16222189421277410762

113572 Zeor the Warrior (level 16, -18/114 HPs)
             Began as a Tengu Monk on July 21, 2023.
             Was the Champion of Wu Jian.
             Demolished by a tentacle (19 damage)
             ... attached to a kraken
             ... on level 3 of the Shoals on July 22, 2023.
             The game lasted 01:58:33 (21478 turns).

Zeor the Warrior (Tengu Monk)                      Turns: 21478, Time: 01:58:34

Health: -18/114    AC: 10    Str: 20    XL:     16   Next: 63%
Magic:  17/17      EV: 32    Int: 11    God:    Wu Jian [******]
Gold:   482        SH:  5    Dex: 21    Spells: 15/15 levels left

rFire   . . .        a - +8 demon trident {vamp, rC+ Int+3}
rCold   + . .        d - orb {light}
rNeg    . . .        s - +2 troll leather armour
rPois   +            (helmet restricted)
rElec   .            m - +0 cloak
rCorr   .            n - +1 pair of gloves
SInv    +            (boots unavailable)
Will    +....        Y - amulet of reflection
Stlth   ++           B - +5 ring of evasion
HPRegen 1.19/turn    k - ring of Jantee {rPois Str+6 Int-4 Slay+3 SInv}
MPRegen 0.15/turn

%: reflection
@: flying quickly and evasively, glowing, studying 2 skills, quick
A: beak, talons 3, nimble flight
a: Renounce Religion, Wall Jump, Serpent's Lash, Heavenly Storm


You were on level 3 of the Shoals.
You worshipped Wu Jian.
Wu Jian was exalted by your worship.
You visited 5 branches of the dungeon, and saw 26 of its levels.
You also visited: Sewer.

You collected 2196 gold pieces.
You spent 1714 gold pieces at shops.

Inventory:

Hand Weapons
 a - the +8 demon trident of Neliofuq (weapon) {vamp, rC+ Int+3}
   (You acquired it on level 4 of the Dungeon)

   Int:       It affects your intelligence (+3).
   rC:        It protects you from cold.
 e - a +4 glaive
 z - a +4 trident of freezing
 J - a +6 trident of flaming
 K - the +6 glaive of Circular Logic {venom, Drain rC++ Will+}
   (You took it off a centaur warrior on level 14 of the Dungeon)

   rC:        It greatly protects you from cold.
   Drain:     It drains your maximum health when unequipped.
   Will:      It increases your willpower.
 V - a +4 halberd of chaos
Missiles
 f - a boomerang of dispersal
 h - 3 javelins (quivered)
 t - 3 throwing nets
 E - 24 poisoned darts
 I - 2 curare-tipped darts
Armour
 d - an orb of light (worn)
 m - a +0 cloak (worn)
 n - a +1 pair of gloves (worn)
 q - a +2 leather armour of fire resistance
 s - a +2 troll leather armour (worn)
 T - a +1 leather armour of cold resistance
 W - +0 acid dragon scales
Jewellery
 g - a ring of willpower
 i - a ring of ice
 k - the ring of Jantee (right hand) {rPois Str+6 Int-4 Slay+3 SInv}
   (You bought it in a shop on level 3 of the Dungeon)

   [ring of strength]

   Str:       It affects your strength (+6).
   Int:       It affects your intelligence (-4).
   Slay:      It affects your accuracy & damage with ranged weapons and melee
   (+3).
   rPois:     It protects you from poison.
   SInv:      It lets you see invisible.
 B - a +5 ring of evasion (left hand)
 G - a ring of protection from fire
 L - a ring of willpower
 Y - an amulet of reflection (around neck)
 Z - the amulet "Upuinij" {-Tele rPois rN+++ Regen+ SInv}
   (You found it on level 2 of the Lair of Beasts)

   [amulet of regeneration]

   rPois:     It protects you from poison.
   rN:        It renders you almost immune to negative energy.
   SInv:      It lets you see invisible.
   -Tele:     It prevents most forms of teleportation.
   Regen:     It increases your rate of health regeneration.
Wands
 l - a wand of roots (13)
 p - a wand of charming (21)
 w - a wand of flame (25)
 D - a wand of quicksilver (10)
 Q - a wand of polymorph (18)
Scrolls
 b - 5 scrolls of magic mapping
 j - 10 scrolls of teleportation
 u - 2 scrolls of blinking
 y - 2 scrolls of immolation
 A - 4 scrolls of fog
 F - 4 scrolls of fear
 H - a scroll of enchant weapon
 M - 3 scrolls of enchant armour
 O - 3 scrolls of identify
 R - 3 scrolls of silence
 U - 3 scrolls of summoning
Potions
 c - 2 potions of ambrosia
 o - 3 potions of haste
 r - 4 potions of resistance
 v - 2 potions of magic
 x - 12 potions of curing
 C - 5 potions of heal wounds
 N - 2 potions of cancellation
 P - 2 potions of might
 S - a potion of berserk rage


   Skills:
 * Level 17.9 Fighting
 + Level 2.0(11.3) Axes
 + Level 17.0 Polearms
 * Level 10.9 Throwing
 + Level 5.4 Armour
 * Level 14.1 Dodging
 + Level 5.2 Stealth
 - Level 1.0 Shields


You had 15 spell levels left.
You didn't know any spells.
Your spell library contained the following spells:

 Spells                   Type           Power      Damage    Failure   Level
 Freeze                   Ice            0%         1d3       38%         1
 Kiss of Death            Conj/Necr      0%         2d5       38%         1
 Magic Dart               Conj           0%         1d3       38%         1
 Necrotise                Necr           0%         1d4       38%         1
 Shock                    Conj/Air       0%         1d3       38%         1
 Blink                    Tloc           0%         N/A       52%         2
 Call Imp                 Summ           0%         N/A       52%         2
 Cigotuvi's Dreadful Rot  Necr/Pois/Air  0%         N/A       52%         2
 Ensorcelled Hibernation  Hex/Ice        0%         N/A       52%         2
 Lesser Beckoning         Tloc           0%         N/A       52%         2
 Momentum Strike          Conj/Tloc      0%         3d8       52%         2
 Confusing Touch          Hex            0%         N/A       77%         3
 Frozen Ramparts          Ice            0%         1d1       77%         3
 Hailstorm                Conj/Ice       0%         3d3       77%         3
 Inner Flame              Hex/Fire       0%         N/A       77%         3
 Mephitic Cloud           Conj/Pois/Air  0%         N/A       77%         3
 Spider Form              Tmut/Pois      0%         N/A       77%         3
 Swiftness                Air            0%         N/A       77%         3
 Vampiric Draining        Necr           0%         2d6       77%         3
 Airstrike                Air            0%         2d(0-16)  99%         4
 Anguish                  Hex/Necr       0%         N/A       99%         4
 Dispel Undead            Necr           0%         3d6       99%         4
 Ice Form                 Ice/Tmut       0%         N/A       99%         4
 Agony                    Necr           0%         N/A       100%        5
 Yara's Violent Unravell  Hex/Tmut       0%         3d3       100%        5
 Death Channel            Necr           0%         N/A       100%        6
 Simulacrum               Ice/Necr       0%         N/A       100%        6
 Enfeeble                 Hex            0%         N/A       100%        7


Dungeon Overview and Level Annotations

Branches:
Dungeon (15/15)            Temple (1/1) D:4            Lair (5/5) D:11
 Shoals (3/4) Lair:2       Spider (0/4) Lair:2        Slime (0/5) Lair:5
    Orc (2/2) D:12            Elf (0/3) Orc:2        Vaults (0/5) D:14
 Depths (0/4) D:15          Sewer (visited)

Altars:
Ashenzari
Cheibriados
Dithmenos
Elyvilon
Fedhas
Gozag
Hepliaklqana
Kikubaaqudgha
Makhleb
Nemelex Xobeh
Okawaru
Qazlal
Ru
Sif Muna
Trog
Vehumet
Wu Jian
Xom
Yredelemnul
Zin
The Shining One
Jiyva

Shops:
D:1 (   D:3 *(=[=   D:4 (   D:12 !   Orc:2 *!=*:*=!   Shoals:2 :

Annotations:
D:5 1 runed translucent door, Wentworth's ghost, novice MiFi
D:13 1 transporter
Temple 2 transporters


Innate Abilities, Weirdness & Mutations

You have a beak for a mouth.
You have claws for feet.
Your magical nature lets you fly swiftly and evasively.


Message History

The tentacle slaps you.
You spin and attack the tentacle repeatedly.
You hit the tentacle.
You feel better.
The tentacle is moderately wounded.
You puncture the tentacle!
You feel better.
You claw the tentacle.
The tentacle is severely wounded.
You spin and attack the tentacle.
You hit the tentacle.
You feel better.
You claw the tentacle.
The tentacle is moderately wounded.
You spin and attack the kraken.
You hit the kraken but do no damage. You claw the kraken.
The kraken is heavily wounded.
The tentacle misses you. The tentacle completely misses you.
The kraken bites you!! The tentacle completely misses you.
The tentacle closely misses you. The tentacle slaps you!
You completely miss the kraken. You claw the kraken, but do no damage.
The kraken is severely wounded.
The kraken squirts a massive cloud of ink into the water!
The tentacle misses you. The tentacle completely misses you.
The tentacle slaps you!!
* * * LOW HITPOINT WARNING * * *
You feel much better. The tentacle completely misses you. x2
You block the tentacle's attack. The kraken misses you.
The tentacle misses you. The tentacle slaps you!!
* * * LOW HITPOINT WARNING * * *
The tentacle misses you. The kraken closely misses you.
The tentacle completely misses you.
You puncture the kraken!
The kraken is almost dead.
The tentacle misses you. The tentacle slaps you!
* * * LOW HITPOINT WARNING * * *
The tentacle closely misses you.
A tentacle segment bursts forth from the water. x4
The tentacle completely misses you.
You puncture the kraken!
You feel better.
The kraken is almost dead.
The kraken bites you!!
* * * LOW HITPOINT WARNING * * *
The tentacle completely misses you. The tentacle slaps you!!
You die...

≈≈≈≈≈≈~~~~~∙∙▒∙∙~~~~~~~
≈≈≈≈≈≈≈~~~~∙∙▒▒▒~~∙~~~~~
≈≈≈≈≈≈≈~~~~∙∙▒▒▒~~∙~~~~~
≈≈≈≈≈≈≈≈~~~~~∙∙∙~~∙~~~~~
≈≈≈≈≈≈≈≈~~~~~~~~~~∙~~~~~
≈≈≈≈≈≈≈~~~~∙~~~~~~~~~~∙~
≈≈≈≈≈≈~~~#∙∙~~~~~~~~≈~∙~
≈≈≈≈≈####~∙~~~~~~~~≈ ~
≈≈≈≈≈#wQw#~~~~~~~≈≈≈
≈≈≈≈≈#Xww#~~~~~~~≈≈≈
≈≈≈≈≈#####~~∙~~~~~≈≈
≈≈≈≈≈≈~~~∙∙∙∙∙∙~≈≈≈
≈≈≈≈≈≈~~~∙▒▒▒▒∙~≈≈
≈≈≈≈≈≈~~∙▒▒ ▒∙~
≈≈≈≈≈≈~~∙▒ ≈≈≈≈≈≈≈~~∙
≈≈≈≈≈≈≈~~∙


You could see a kraken and 4 tentacles.

Vanquished Creatures
  Ilsuiw (Shoals:2)
  An orc warlord (Orc:2)
  Josephine (D:10)
  A merfolk impaler (Shoals:2)
  2 spriggan zombies (D:15)
  4 hydras
  A vault guard (D:14)
  5 ogre magi
  A catoblepas (Lair:5)
  3 centaur warriors
  2 death knights (D:15)
  6 boulder beetles
  A merfolk aquamancer (Shoals:2)
  3 tengu warriors (D:15)
  21 two-headed ogres
  A vampire mage (D:15)
  Nergalle (Lair:2)
  7 skysharks
  7 sea snakes (Shoals:2)
  11 skeletal warriors
  A necromancer (D:15)
  2 orc knights
  3 harpies (Shoals:2)
  An orc sorcerer (Orc:1)
  5 manticores
  2 frost giant zombies (D:15)
  4 cyclopes
  7 ugly things
  4 merfolk sirens
  3 elephants (Lair:3)
  A black mamba (shapeshifter) (D:14)
  9 black mambas
  Joseph (D:9)
  4 gargoyles
  3 water nymphs (Shoals:2)
  23 cane toads
  Maggie (D:6)
  2 freezing wraiths
  4 yaktaurs (D:15)
  10 komodo dragons
  5 rime drakes
  2 tengu conjurers
  10 merfolk
  3 tyrant leeches (Lair:5)
  4 polar bears
  2 hornets
  6 trolls
  3 wind drakes
  4 dream sheep (Lair:5)
  19 blink frogs
  A jumping spider (Lair:2)
  A culicivora (Lair:2)
  2 shadows (D:12)
  8 slime creatures
  A centaur simulacrum (D:14)
  46 yaks
  2 wyverns (Lair:5)
  2 spriggans (Lair:4)
  9 wraiths
  3 water elementals (Shoals:2)
  2 redbacks (Lair:2)
  A steam dragon (D:8)
  2 basilisks
  10 humans (D:14)
  9 vampire mosquitoes
  A warg (D:15)
  2 acid dragons
  15 water moccasins
  29 ogres
  17 orc warriors
  7 ice beasts
  2 sky beasts
  2 black bears
  9 wolves
  5 boggarts (D:14)
  7 centaurs
  4 phantoms
  3 kobold brigands
  14 bullfrogs
  3 scorpions
  8 wights
  3 troll zombies (D:12)
  12 killer bees
  4 howler monkeys
  2 electric eels (Lair:5)
  A gnoll bouda (D:10)
  4 jellies
  14 orc priests
  3 hounds
  23 orc wizards
  3 iguanas
  5 hell rats (Lair:3)
  5 ogre zombies (D:12)
  13 gnolls
  18 adders
  6 river rats
  2 shadow imps
  An ufetubus (D:4)
  2 worms (D:3)
  8 dart slugs
  54 orcs
  7 bats
  5 endoplasms
  4 giant cockroaches
  9 goblins
  11 hobgoblins
  5 jackals (D:2)
  7 quokkas
  10 ball pythons
  11 frilled lizards
  2 goblin skeletons (D:12)
  4 goblin zombies (D:12)
  2 hobgoblin skeletons (D:12)
  A hobgoblin zombie (D:12)
  14 kobolds
  2 orc skeletons (D:12)
  14 orc zombies (D:12)
  7 rats
  A butterfly (Lair:5)
754 creatures vanquished.

Vanquished Creatures (collateral kills)
  A yak (D:10)
1 creature vanquished.

Vanquished Creatures (others)
  A human (D:14)
  A yak (D:10)
  2 tentacles (Shoals:3)
4 creatures vanquished.

Grand Total: 759 creatures vanquished

Notes
Turn   | Place    | Note
-------+----------+-------------------------------------------
     0 | D:1      | Zeor the Tengu Monk began the quest for the Orb.
     0 | D:1      | Reached XP level 1. HP: 14/14 MP: 2/2
    95 | D:1      | Reached XP level 2. HP: 19/19 MP: 3/3
   242 | D:1      | Found a faded altar of an unknown god.
   414 | D:1      | Reached XP level 3. HP: 22/23 MP: 4/4
   643 | D:1      | Found Kewnodgho's Weapon Boutique.
  1172 | D:2      | Reached XP level 4. HP: 28/28 MP: 5/5
  1475 | D:3      | Found Owalybo's Assorted Antiques.
  1482 | D:3      | Bought a scroll of teleportation for 66 gold pieces
  1503 | D:3      | Found Minkon's Jewellery Boutique.
  1506 | D:3      | Found Xuudgh's Weapon Shoppe.
  1610 | D:3      | Found Feehethroxe's Jewellery Emporium.
  1765 | D:3      | Gained mutation: Your magical nature lets you fly swiftly
                  | and evasively. [Tengu growth]
  1765 | D:3      | Reached XP level 5. HP: 25/32 MP: 6/6
  2190 | D:3      | Found Hopabom's Antique Armour Emporium.
  2588 | D:4      | Reached skill level 5 in Polearms
  2588 | D:4      | Reached XP level 6. HP: 27/38 MP: 7/7
  2659 | D:4      | Identified a scroll of acquirement
  2659 | D:4      | Acquired the +8 demon trident of Neliofuq {vamp, rC+ Int+3}
  2775 | D:4      | Found a staircase to the Ecumenical Temple.
  2783 | Temple   | Entered the Ecumenical Temple
  2783 | Temple   | Found a transporter.
  2783 | Temple   | Found a transporter.
  2785 | Temple   | Found a transporter.
  2785 | Temple   | Found a transporter.
  2796 | Temple   | Became a worshipper of the Wu Jian Council
  2796 | Temple   | Reached * piety under Wu Jian
  2796 | Temple   | Reached ** piety under Wu Jian
  2867 | D:4      | Found Akhiyvig's Antique Weapon Emporium.
  2872 | D:4      | Reached skill level 1 in Armour
  2875 | D:4      | Reached skill level 1 in Axes
  2894 | D:4      | Reached skill level 5 in Dodging
  3195 | D:5      | Entered Level 5 of the Dungeon
  3261 | D:5      | Reached skill level 1 in Stealth
  3261 | D:5      | Reached XP level 7. HP: 34/43 MP: 8/8
  3545 | D:5      | Reached skill level 1 in Throwing
  3676 | D:5      | Found a runed translucent door.
  3676 | D:5      | Noticed Wentworth's ghost (novice MiFi)
  3676 | D:5      | Noticed a steam dragon
  3759 | D:6      | Found a glowing drain.
  3765 | Sewer    | Entered a sewer
  3804 | Sewer    | Reached *** piety under Wu Jian
  4158 | D:6      | Reached XP level 8. HP: 48/48 MP: 9/9
  4162 | D:6      | Reached skill level 5 in Fighting
  4285 | D:6      | Noticed Maggie
  4295 | D:6      | Killed Maggie
  4811 | D:6      | Found a shimmering blue altar of Sif Muna.
  5109 | D:7      | You are sucked into a shaft and drop 2 floors!
  5114 | D:9      | Noticed a two-headed ogre
  5130 | D:8      | Found a shadowy altar of Dithmenos.
  5148 | D:8      | Reached XP level 9. HP: 55/55 MP: 10/10
  5241 | D:8      | Reached **** piety under Wu Jian
  5596 | D:7      | Noticed a hornet
  5605 | D:7      | Killed a hornet
  6048 | D:7      | Reached XP level 10. HP: 63/63 MP: 11/11
  6148 | D:7      | Found an ancient bone altar of Kikubaaqudgha.
  6176 | D:7      | Found a glowing silver altar of Zin.
  6314 | D:8      | Reached skill level 10 in Polearms
  6726 | D:9      | Noticed Joseph
  7001 | D:9      | Killed a two-headed ogre
  7122 | D:9      | Noticed a two-headed ogre
  7130 | D:9      | Killed a two-headed ogre
  7131 | D:9      | Reached skill level 5 in Throwing
  7501 | D:9      | Killed Joseph
  7793 | D:10     | Entered Level 10 of the Dungeon
  7793 | D:10     | Noticed a two-headed ogre
  7896 | D:10     | Reached XP level 11. HP: 69/69 MP: 12/12
  7946 | D:10     | Found a snail-covered altar of Cheibriados.
  7984 | D:10     | Reached ***** piety under Wu Jian
  8176 | D:10     | Killed a two-headed ogre
  8229 | D:10     | Noticed Josephine
  8244 | D:10     | Killed Josephine
  8252 | D:10     | Noticed a boulder beetle
  8287 | D:10     | Killed a boulder beetle
  8748 | D:11     | Noticed a boulder beetle
  8770 | D:11     | Killed a boulder beetle
  8948 | D:11     | Reached skill level 10 in Dodging
  8948 | D:11     | Reached XP level 12. HP: 77/77 MP: 13/13
  8956 | D:11     | Reached skill level 10 in Fighting
  9004 | D:11     | Found a staircase to the Lair.
  9529 | Lair:1   | Entered Level 1 of the Lair of Beasts
 10252 | Lair:2   | Identified the amulet "Upuinij" {-Tele rPois rN+++ Regen+
                  | SInv}
 10280 | Lair:2   | Noticed an eight-headed hydra
 10435 | Lair:1   | Killed an eight-headed hydra
 10531 | Lair:2   | Noticed a skyshark
 10542 | Lair:2   | Killed a skyshark
 10555 | Lair:2   | Found a hole to the Spider Nest.
 10892 | Lair:2   | Found a staircase to the Shoals.
 10947 | Lair:2   | Noticed a skyshark
 10962 | Lair:2   | Killed a skyshark
 10972 | Lair:2   | Noticed Nergalle
 10989 | Lair:2   | Killed Nergalle
 11095 | Lair:2   | Reached XP level 13. HP: 84/84 MP: 14/14
 13229 | Lair:5   | Entered Level 5 of the Lair of Beasts
 13541 | D:3      | Bought an amulet of reflection for 330 gold pieces
 13541 | D:3      | Bought the ring of Jantee {rPois Str+6 Int-4 Slay+3 SInv}
                  | for 611 gold pieces
 13969 | Lair:5   | Reached skill level 1 in Shields
 14041 | Lair:5   | Reached XP level 14. HP: 94/94 MP: 15/15
 14182 | Lair:5   | Reached skill level 15 in Polearms
 14332 | Lair:5   | Reached ****** piety under Wu Jian
 14494 | Lair:5   | Found a staircase to the Slime Pits.
 14494 | Lair:5   | Found a viscous altar of Jiyva.
 14977 | D:12     | Found a staircase to the Orcish Mines.
 15280 | D:12     | Found Myump's Distillery.
 15693 | Orc:1    | Entered Level 1 of the Orcish Mines
 16444 | Orc:2    | Entered Level 2 of the Orcish Mines
 16445 | Orc:2    | Noticed an orc warlord
 16463 | Orc:2    | Killed an orc warlord
 16478 | Orc:2    | Reached skill level 15 in Fighting
 16494 | Orc:2    | Reached XP level 15. HP: 103/103 MP: 16/16
 16502 | Orc:2    | Reached skill level 5 in Armour
 16639 | Orc:2    | Found Mistiwa's Distillery.
 16668 | Orc:2    | Found Rotyddul's Jewellery Boutique.
 16707 | Orc:2    | Found Ofoaro's Book Shoppe.
 16707 | Orc:2    | Found Jykhlifoi's General Store.
 16708 | Orc:2    | Found Seluc's Jewellery Shop.
 16708 | Orc:2    | Found Ixze's General Store.
 16716 | Orc:2    | Bought a scroll of teleportation for 42 gold pieces
 16716 | Orc:2    | Bought a potion of resistance for 140 gold pieces
 16716 | Orc:2    | Bought a potion of heal wounds for 70 gold pieces
 16717 | Orc:2    | Bought a scroll of fear for 60 gold pieces
 16745 | Orc:2    | Found Wittuydo's General Store.
 16771 | Orc:2    | Bought a scroll of fog for 60 gold pieces
 16809 | Orc:2    | Found Niyrgho's Distillery.
 16817 | Orc:2    | Found a staircase to the Elven Halls.
 16819 | Orc:2    | Bought a potion of heal wounds for 75 gold pieces
 16819 | Orc:2    | Bought a potion of heal wounds for 75 gold pieces
 17235 | Orc:2    | Bought a scroll of brand weapon for 133 gold pieces
 17387 | D:13     | Found a transporter.
 17387 | D:13     | Found a transporter.
 17424 | D:13     | Reached skill level 5 in Stealth
 18052 | D:12     | Bought a potion of might for 52 gold pieces
 18315 | D:14     | Reached skill level 10 in Throwing
 18418 | D:14     | Identified the +6 glaive of Circular Logic {venom, Drain
                  | rC++ Will+}
 18640 | D:14     | Found a gate to the Vaults.
 19073 | D:15     | Entered Level 15 of the Dungeon
 19189 | D:15     | Reached XP level 16. HP: 112/112 MP: 17/17
 19437 | D:15     | Found a staircase to the Depths.
 20251 | Shoals:1 | Entered Level 1 of the Shoals
 20251 | Shoals:1 | You are sucked into a shaft and drop 1 floor!
 20510 | Shoals:2 | Noticed Ilsuiw
 20554 | Shoals:2 | Killed Ilsuiw
 20659 | Shoals:2 | Found Oliynac's Book Boutique.
 21461 | Shoals:3 | Noticed a kraken
 21478 | Shoals:3 | HP: 1/114 [kraken (23)]
 21478 | Shoals:3 | Demolished by a tentacle

Illustrated notes

Levels and vault maps discovered:
D:1:      minmay_arrival_four_circles, layout_basic, basic_ecumenical_altar,
          serial_shops, nicolae_shop_real_fake_doors
D:2:      layout_loops_cross, corner_web_ring
D:3:      layout_loops_ring, serial_shops, shop, nicolae_shop_peninsula,
          nicolae_shop_hallway_plus, nicolae_shop_bloodbath_and_beyond,
          nicolae_lakefront_shop, minmay_close_crescents
D:4:      layout_basic, minmay_temple_entry_trees, serial_shops, shop
D:5:      layout_rooms, ebering_ghost_inner_flame, chequers_serial_rivers_room_b
D:6:      layout_basic, lemuel_blue_sif_altar, gup_sewer_entry_bubbles,
          uniq_maggie
D:7:      minmay_skewed_foursquare, layout_rooms, mainiacjoe_overflow_two_lobes,
          hangedman_abyss_or_decor_stagger, minmay_manual_mess
D:8:      layout_loops_ring, mainiacjoe_overflow_concentric_impassable,
          kennysheep_cross_bottleneck
D:9:      layout_cave_pods, uniq_joseph
D:10:     layout_cave_pools, nicolae_overflow_hidden_temple, uniq_josephine
D:11:     layout_loops_ring, hellmonk_lair_entry_icy
D:12:     layout_small_grid, zombieorc2_lemuel, serial_shops,
          nicolae_shop_tiny_statue_garden, chequers_serial_rivers_micro_a,
          chequers_mini_garden, grunt_ministairs_12, grunt_decor_cap
D:13:     layout_rooms, chequers_serial_rivers_large_a,
          dreamdust_princess_bridge, nicolae_diode_stairs
D:14:     layout_irregular_city, ximxim_vaults_locker_room
D:15:     gammafunk_depths_entry_grave, layout_stronghold,
          nicolae_concentric_dashed_squares_mild, grunt_decor_junction
Temple:   hellmonk_temple_divided_pantheon
Lair:1:   layout_gridlike, beast_lair_carwin_2, serial_bayou_shore_b
Lair:2:   layout_loops_ring, minmay_shoals_entry_beasts,
          spider_nest_entry_funnel_web, uniq_nergalle
Lair:3:   layout_misc_corridors, grunt_megastairs_4, lemuel_fruit_tree
Lair:4:   layout_regular_city, forest_entry_grove, infiniplex_staircase_pool
Lair:5:   minmay_lair_end_frog_pond, layout_loops_ring, slime_entry_1,
          patterned_corridor, lemuel_fruit_fields
Shoals:1: layout_shoals, lemuel_altar_in_water, uniq_frances, uniq_louise,
          uniq_aizul
Shoals:2: layout_shoals, nicolae_shoals_c_island, uniq_ilsuiw
Shoals:3: argonaut_golden_fleece, layout_shoals, kb_tengu_band
Orc:1:    layout_caves, basic_altar, hellmonk_bongcloud_opening,
          nicolae_orc_damp_corner
Orc:2:    st_orc_ogre_mass, layout_caves, serial_shops,
          nicolae_shop_hallway_plus, shop, shop, nicolae_shop_advertising_works
          [nicolae_subvault_shop_adworks], basic_altar

Skill      XL: |  1  2  3  4  5  6  7  8  9 10 11 12 13 14 15 16 |
---------------+-------------------------------------------------+-----
Dodging        | 4 5 6 7 8 10 11 12 13 14 | 14.1
Polearms       | 4 5 6 8 9 11 12 14 15 16 17 | 17.0
Armour         | 1 2 3 4 5 |  5.4
Axes           | 1 2 |  2.0
Fighting       | 4 5 7 8 9 11 13 15 16 17 | 17.9
Stealth        | 1 2 3 4 5 |  5.2
Throwing       | 1 3 4 5 6 7 8 9 10 | 10.9
Shields        | 1 |  1.0

Action                     |  1- 3 |  4- 6 |  7- 9 | 10-12 | 13-15 | 16-18 || total
---------------------------+-------+-------+-------+-------+-------+-------++-------
  Melee: Spear             |    96 |    68 |       |       |       |       ||   164
         Kick              |    20 |    31 |    49 |   179 |   360 |   121 ||   760
         Peck              |     9 |    17 |    36 |   119 |   206 |    95 ||   482
         War axe           |       |    23 |       |       |       |       ||    23
         Demon trident     |       |    30 |   187 |   493 |  1028 |   302 ||  2040
         Punch             |       |       |       |     3 |     4 |       ||     7
  Throw: Boomerang         |       |     4 |       |     1 |       |       ||     5
         Javelin           |       |       |    12 |     3 |    24 |     6 ||    45
         Dart              |       |       |       |     4 |     1 |       ||     5
 Invoke: Serpent's Lash    |       |       |       |     1 |     1 |       ||     2
         Heavenly Storm    |       |       |       |     1 |     1 |     1 ||     3
Ability: Lunge             |       |     5 |    37 |    36 |   110 |    27 ||   215
         Whirlwind         |       |       |    17 |    41 |   148 |    36 ||   242
         Wall Jump         |       |       |     3 |    10 |    20 |     1 ||    34
  Evoke: Wand              |       |       |       |     3 |     1 |       ||     4
    Use: Scroll            |     1 |    10 |    11 |     7 |     5 |       ||    34
         Potion            |       |       |       |     3 |     1 |     1 ||     5
   Stab: Sleeping          |     1 |       |     2 |     2 |     5 |     1 ||    11
         Distracted        |       |       |       |     2 |       |     1 ||     3
         Petrified         |       |       |       |       |     4 |       ||     4
 Armour: Robe              |     8 |     2 |       |       |       |       ||    10
         Leather armour    |       |     2 |     5 |       |       |       ||     7
         Steam dragon scal |       |       |    13 |     6 |       |       ||    19
         Acid dragon scale |       |       |       |    30 |    28 |       ||    58
         Troll leather arm |       |       |       |       |    10 |    14 ||    24
  Dodge: Dodged            |    32 |    64 |   105 |   312 |   479 |   197 ||  1189
  Block: Orb               |       |       |       |       |    82 |    40 ||   122
         Reflection        |       |       |       |       |     4 |     1 ||     5
